 Dungeon Crawl Stone Soup version 0.27.1-33-g824d729ab1 (webtiles) character file.

Game seed: 11894157024882185678

2 lobsquizzle the Grave Robber (level 1, 0/14 HPs)
             Began as a Ghoul Necromancer on Dec 23, 2021.
             Slain by a jackal (1 damage)
             ... on level 1 of the Dungeon.
             The game lasted 00:14:53 (231 turns).

lobsquizzle the Grave Robber (Ghoul Necromancer)     Turns: 231, Time: 00:14:54

Health: 0/14       AC:  3    Str: 11    XL:     1   Next: 40%
Magic:  0/2        EV: 12    Int: 10    God:
Gold:   0          SH:  0    Dex:  9    Spells: 1/3 levels left

rFire    . . .     SeeInvis .   (no weapon)
rCold    + . .     Faith    .   (no shield)
rNeg     + + +     Spirit   .   a - +0 robe
rPois    ∞         Reflect  .   (no helmet)
rElec    .         Harm     .   (no cloak)
rCorr    .         Rampage  .   b - +0 pair of gloves
Will     .....                  (no boots)
Stlth    ++........             (no amulet)
HPRegen  0.00/turn              (no ring)
MPRegen  0.08/turn              (no ring)

@: inhibited regen
A: claws 1, cold resistance 1, negative energy resistance 3, inhibited
regeneration, torment resistance 2
a: no special abilities


You were on level 1 of the Dungeon.
You visited 1 branch of the dungeon, and saw 1 of its levels.

Inventory:

Missiles
 c - 19 stones
Armour
 a - a +0 robe (worn)
 b - a +0 pair of gloves (worn)
Potions
 d - a potion of haste {unknown}


   Skills:
 + Level 1.7 Dodging
 + Level 2.1 Stealth
 + Level 1.9 Spellcasting
 + Level 4.0 Necromancy


You had one spell level left.
You knew the following spells:

 Your Spells              Type           Power      Damage    Failure   Level
a - Pain                  Necr           36%        1d5       6%          1
b - Animate Skeleton      Necr           18%        N/A       6%          1

Your spell library contained the following spells:

 Spells                   Type           Power      Damage    Failure   Level
 Vampiric Draining        Necr           4%         2d6       19%         3
 Animate Dead             Necr           4%         N/A       52%         4
 Agony                    Necr           9%         N/A       86%         5


Dungeon Overview and Level Annotations

Branches:
Dungeon (1/15)

Altars:


Innate Abilities, Weirdness & Mutations

You thrive by killing the living.
You are immune to poison.
You have sharp fingernails.
Your flesh is cold resistant. (rC+)
You are immune to negative energy. (rN+++)
You do not regenerate when monsters are visible.
You are immune to unholy pain and torment.


Message History

Your bat skeleton hits the jackal but does no damage.
The kobold throws a stone.
The stone hits you. The jackal bites you.
The jackal barely misses your bat skeleton.
You closely miss the jackal.
Your bat skeleton barely misses the jackal.
Your bat skeleton hits the jackal.
The jackal bites your bat skeleton.
The jackal bites you but does no damage.
The jackal barely misses your bat skeleton.
Your bat skeleton hits the jackal but does no damage.
The jackal closely misses your bat skeleton.
Your bat skeleton hits the jackal but does no damage.
Your bat skeleton closely misses the jackal.
The jackal closely misses you. The jackal bites your bat skeleton.
The kobold hits you with a +0 short sword.
The jackal bites your bat skeleton.
Your bat skeleton is destroyed!
The jackal bites you.
You barely miss the jackal.
The jackal is heavily wounded.
The kobold misses you. The jackal bites you.
* * * LOW HITPOINT WARNING * * *
The rat bites you.
* * * LOW HITPOINT WARNING * * *
You barely miss the rat. The jackal misses you.
The kobold hits you with a +0 short sword.
* * * LOW HITPOINT WARNING * * *
The jackal bites you but does no damage.
The jackal barely misses you. The rat closely misses you.
The jackal closely misses you.
You hit the rat.
You kill the rat!
You feel better. The jackal bites you.
* * * LOW HITPOINT WARNING * * *
The kobold closely misses you. The jackal misses you.
The jackal bites you but does no damage.
The jackal closely misses you. The jackal closely misses you.
The jackal bites you.
* * * LOW HITPOINT WARNING * * *
The kobold barely misses you. The jackal bites you.
You die...

...##..#....#.###
.##........>..
#.####'###..## . #.##
#.# #.## .. #####.# #.#
#..# ... .#..#.# #.#
#..# ...
.'..'.###.####..# ..
.#..#.#.....##.K##.#####
#####.#.#.#.##.h@.......
#.##...#.###hh##.####
#.#..........(#
.##.#.#######.# .# #.#.#
..# ## #.#.# #.. #.#.#
#..# #.#.# #... #.#.#
.#.#


You could see 3 jackals and a kobold.

Vanquished Creatures
  A jackal (D:1)
  A bat (D:1)
  A rat (D:1)
3 creatures vanquished.

Notes
Turn   | Place    | Note
-------+----------+-------------------------------------------
     0 | D:1      | lobsquizzle the Ghoul Necromancer began the quest for the
                  | Orb.
     0 | D:1      | Reached XP level 1. HP: 14/14 MP: 2/2
   193 | D:1      | Learned a level 1 spell: Animate Skeleton
   231 | D:1      | Slain by a jackal

Illustrated notes

Levels and vault maps discovered:
D:1:      dpeg_arrival_yet_another_circle, layout_basic,
          dreamdust_ecumenical_altar_drowned_temple

Action                   || total
-------------------------++-------
Melee: Unarmed           ||    22
Throw: Stone             ||     6
 Cast: Pain              ||     3
       Animate Skeleton  ||     1
Armor: Robe              ||    14
Dodge: Dodged            ||    37
